 Dungeon Crawl Stone Soup version 0.32-a0-791-gfc315c9ecd (webtiles) character file.

Game seed: 6847707851066150559

733 miscthings the Apothecary (level 7, -2/43 (46) HPs)
             Began as a Coglin Alchemist on Mar 20, 2024.
             Was an Initiate of Okawaru.
             Slain by a wight
             ... wielding a +5 dagger
              (7 damage)
             ... on level 5 of the Dungeon.
             The game lasted 00:08:13 (3899 turns).

miscthings the Apothecary (Coglin Alchemist)        Turns: 3899, Time: 00:08:14

HP:   -2/43 (46)    AC:  5    Str:  8    XL:     7   Next: 74%
MP:   12/12         EV: 11    Int: 17    God:    Okawaru [......]
Gold: 230           SH:  0    Dex: 14    Spells: 5/13 levels left

rFire   . . .        s - +6 quarterstaff {Zola}
rCold   . . .        (shield currently unavailable)
rNeg    . . .        a - +0 robe
rPois   .            d - +2 hat
rElec   .            j - +0 cloak
rCorr   .            (no gloves)
SInv    .            (no boots)
Will    .....        (amulet unavailable)
Stlth   ++           (ring unavailable)
HPRegen 0.27/turn    (ring unavailable)
MPRegen 0.13/turn    (no gizmo)

%: no passive effects
@: drained, revved
A: off-hand wielding, slow wielding, warmup strikes, no jewellery
a: Invent Gizmo, Renounce Religion


You were on level 5 of the Dungeon.
You worshipped Okawaru.
Okawaru was noncommittal.
You visited 2 branches of the dungeon, and saw 6 of its levels.

You collected 230 gold pieces.

Inventory:

Hand Weapons
 m - a +0 sling
 s - a +6 quarterstaff (weapon) {Zola}
Missiles
 p - a throwing net
Armour
 a - a +0 robe (worn)
 d - a +2 hat (worn)
 j - a +0 cloak (worn)
Scrolls
 i - a scroll of teleportation
 q - a scroll of enchant weapon {unknown}
 t - a scroll of vulnerability {unknown}
Potions
 b - a potion of magic
 c - a potion of might {unknown}
 e - 3 potions of ambrosia
 f - a potion of invisibility {unknown}
 g - 2 potions of mutation {unknown}
 h - 4 potions of heal wounds
 k - a potion of berserk rage {unknown}
 l - 2 potions of curing
 n - 2 potions of haste
 o - 2 potions of attraction {unknown}
 r - a potion of lignification {unknown}


   Skills:
 - Level 1.7 Dodging
 - Level 1.5 Stealth
 + Level 3.8 Spellcasting
 + Level 3.7 Conjurations
 * Level 7.2 Alchemy


You had 5 spell levels left.
You knew the following spells:

 Your Spells              Type           Power      Damage    Failure   Level
a - Sting                 Conj/Alch      84%        1d8       1%          1
c - Mephitic Cloud        Conj/Alch/Air  15%        N/A       11%         3
z - Olgreb's Toxic Radia  Alch           27%        N/A       9%          4

Your spell library contained the following spells:

 Spells                   Type           Power      Damage    Failure   Level
 Mercury Vapours          Alch/Air       30%        N/A       5%          2
 Sticky Flame             Fire/Alch      15%        2d5       36%         4
 Iskenderun's Mystic Bla  Conj/Tloc      9%         2d4       58%         4
 Dimensional Bullseye     Hex/Tloc       1%         N/A       85%         4
 Tukima's Dance           Hex            Unusable   N/A       N/A         3

Dungeon Overview and Level Annotations

Branches:
Dungeon (5/15)             Temple (1/1) D:5

Altars:
Ashenzari
Cheibriados
Dithmenos
Elyvilon
Fedhas
Hepliaklqana
Kikubaaqudgha
Makhleb
Nemelex Xobeh
Okawaru
Sif Muna
Vehumet
Wu Jian
The Shining One


Innate Abilities, Weirdness & Mutations

You can wield a second weapon in your off-hand.
It takes a long time for you to wield or remove held weapons.
Your first few attacks do less damage.
You cannot equip rings or amulets.


Message History

Okay, then.
Unknown command.
This spell is quite dangerous to cast!
You start memorising the spell.
You continue memorising. x3
The wight misses you.
You continue memorising.
The wight hits you with a +0 scimitar!
Your memorisation is interrupted.
You hit the wight.
The wight is heavily damaged.
The wight barely misses you. x2
You barely miss the wight.
The wight is heavily damaged.
The wight closely misses you.
You hit the wight.
The wight is almost destroyed.
The wight hits you with a +0 scimitar!
You feel drained.
You closely miss the wight.
The wight is severely damaged.
The wight closely misses you. The wight misses you.
You hit the wight but do no damage.
The wight is severely damaged.
The wight closely misses you.
You sock the wight!
You destroy the wight!
Okawaru accepts your kill.
Your life force feels restored.
You hit the wight but do no damage. The wight hits you but does no damage.
The wight hits you with a +5 dagger.
You hit the wight but do no damage. The wight hits you with a +5 dagger!
You feel drained.
You closely miss the wight. The wight hits you with a +5 dagger.
* * * LOW HITPOINT WARNING * * *
You feel drained.
* * * LOW HITPOINT WARNING * * *
You hit the wight.
The wight is lightly damaged.
The wight hits you with a +5 dagger.
* * * LOW HITPOINT WARNING * * *
The wight hits you with a +5 dagger!
You die...

.#.#.# #.(#####
.....# #..#...#
##.######..#.#.#
...#...........####
.....#########....#
.#.#.# .... #.##.#
.#...# ..... #.##.#
.....# ......#.##.#
##...^ .._.....z@.#
....#......)#.##.#
.##..#...... #.##.#
. #.# .... #.##.# .
### #.##.# ..##.#
####.# .#


You could see a wight.

Vanquished Creatures
  An ogre (D:4)
  2 scorpions
  A wight (D:5)
  3 hounds
  A jelly (D:4)
  Crazy Yiuf (D:3)
  A sleepcap (D:5)
  3 orc wizards (D:5)
  Natasha (thrice) (D:3)
  A mummy (D:5)
  4 gnolls (D:3)
  2 shadow imps (D:5)
  2 ufetubi (D:5)
  2 ribbon worms
  2 dart slugs
  10 orcs
  3 ball pythons
  9 bats
  6 endoplasms
  A giant cockroach (D:1)
  3 goblins
  4 hobgoblins
  6 jackals
  3 quokkas
  2 frilled lizards (D:3)
  8 kobolds
  3 kobold zombies (D:5)
  An orc zombie (D:5)
  2 rats
90 creatures vanquished.

Notes
Turn   | Place    | Note
-------+----------+-------------------------------------------
     0 | D:1      | miscthings the Coglin Alchemist began the quest for the
                  | Orb.
     0 | D:1      | Reached XP level 1. HP: 13/13 MP: 3/3
   143 | D:1      | Reached skill level 1 in Conjurations
   167 | D:1      | Reached XP level 2. HP: 19/19 MP: 1/4
   800 | D:2      | Reached XP level 3. HP: 24/24 MP: 3/6
   816 | D:2      | Reached skill level 4 in Alchemy
  1388 | D:3      | Noticed Natasha
  1518 | D:3      | Reached XP level 4. HP: 30/30 MP: 4/7
  1586 | D:3      | Learned a level 4 spell: Olgreb's Toxic Radiance
  1753 | D:3      | Killed Natasha
  1782 | D:3      | Noticed Natasha
  1789 | D:3      | Killed Natasha
  1790 | D:3      | Reached skill level 5 in Alchemy
  1790 | D:3      | Reached XP level 5. HP: 13/35 MP: 1/8
  1805 | D:3      | Noticed Natasha
  1812 | D:3      | Killed Natasha
  1961 | D:3      | Identified the ring "Doan" {Fire rElec rPois Will++ Int+3}
  1981 | D:3      | You fall into a shaft and drop 2 floors!
  1981 | D:5      | Entered Level 5 of the Dungeon
  2125 | D:5      | Reached XP level 6. HP: 22/41 MP: 4/10
  2139 | D:5      | Found an ancient bone altar of Kikubaaqudgha.
  2143 | D:5      | Found a shadowy altar of Dithmenos.
  2298 | D:5      | Learned a level 3 spell: Mephitic Cloud
  2327 | D:5      | Found a staircase to the Ecumenical Temple.
  2335 | Temple   | Entered the Ecumenical Temple
  2372 | D:5      | Reached skill level 6 in Alchemy
  2393 | D:4      | Reached XP level 7. HP: 18/46 MP: 2/12
  2511 | D:4      | Found an iron altar of Okawaru.
  2514 | D:4      | Became a worshipper of Warmaster Okawaru
  2765 | D:4      | Found a white marble altar of Elyvilon.
  3363 | D:3      | Found a runed translucent door.
  3364 | D:3      | Noticed Crazy Yiuf
  3373 | D:3      | Killed Crazy Yiuf
  3664 | D:5      | Found a snail-covered altar of Cheibriados.
  3704 | D:5      | Reached skill level 7 in Alchemy
  3705 | D:5      | Found a faded altar of an unknown god.
  3706 | D:5      | Found a hazy altar of Hepliaklqana.
  3879 | D:5      | Found a radiant altar of Vehumet.
  3899 | D:5      | Slain by a wight

Illustrated notes

Levels and vault maps discovered:
D:1:      dpeg_arrival_shelter, layout_basic, feat_on_display
D:2:      layout_basic, minivault_5, minmay_misc_feat_tower
D:3:      layout_loops_ring, uniq_crazy_yiuf_cottage, uniq_natasha
D:4:      layout_loops_ring, elyvilon_altar_5, kennysheep_mini_moat
D:5:      layout_basic, grunt_temple_overflow_open, lemuel_tele_altar,
          beargit_hepliaklqana_dungeon_heroes, minmay_temple_entry_ruins,
          minmay_mini_ossuary
Temple:   hellmonk_temple_of_storms

Skill      XL: |  1  2  3  4  5  6  7 |
---------------+----------------------+-----
Conjurations   | 1 2 3 |  3.7
Spellcasting   | 2 3 |  3.8
Alchemy        | 4 5 6 7 |  7.2
Dodging        | |  1.7
Stealth        | |  1.5

Action                     |  1- 3 |  4- 6 |  7- 9 || total
---------------------------+-------+-------+-------++-------
  Melee: Unarmed           |     6 |       |       ||     6
         Whip              |    37 |    63 |    38 ||   138
         Short sword       |     1 |    63 |    40 ||   104
         Quarterstaff      |       |       |    11 ||    11
   Cast: Sting             |    39 |    32 |    12 ||    83
         Olgreb's Toxic Ra |       |     5 |     1 ||     6
         Mephitic Cloud    |       |       |     1 ||     1
    Use: Scroll            |       |    10 |       ||    10
         Potion            |       |     1 |       ||     1
   Stab: Sleeping          |     1 |     2 |     3 ||     6
 Armour: Robe              |    28 |    37 |    43 ||   108
  Dodge: Dodged            |    31 |    40 |    43 ||   114

Table legend: (Time is in decaauts)
 A = Elapsed time spent in this place.
 B = Non-inter-level travel time spent in this place.
 C = Inter-level travel time spent in this place.
 D = Time resting spent in this place.
 E = Time spent auto-exploring this place.
 F = Levels seen in this place.
 G = Mean time per level.
                   A        B        C        D        E       F      G
               +--------+--------+--------+--------+--------+-----+--------+
         Total |   3913 |   3631 |    282 |    223 |   2519 |   6 |  652.2 |
       Dungeon |   3911 |   3629 |    282 |    223 |   2519 |   5 |  782.2 |
        Temple |      1 |      1 |      0 |      0 |      0 |   1 |    1.0 |
               +--------+--------+--------+--------+--------+-----+--------+

Top non-repeatable levels by time:
     D:3: 951 daAuts
     D:1: 797 daAuts
     D:5: 742 daAuts
     D:4: 738 daAuts
     D:2: 682 daAuts
  Temple: 1 daAuts
